 Dungeon Crawl Stone Soup version 0.31.0-1-g2c135a008e (webtiles) character file.

Game seed: 12908515692334609064

86 qw the Shooter (level 4, -2/35 HPs)
             Began as a Djinni Hunter on Jan 24, 2024.
             Slain by a cerulean imp
             ... wielding a +2 spear
             ... summoned by Natasha
              (4 damage)
             ... on level 2 of the Dungeon.
             The game lasted 00:00:05 (1169 turns).

qw the Shooter (Djinni Hunter)                      Turns: 1169, Time: 00:00:05

Health: -2/35      AC:  3    Str: 10    XL:     4   Next: 78%
Gold:   74         EV: 12    Int: 11    God:
                   SH:  0    Dex: 18

rFire   + + .        a - +0 shortbow
rCold   x . .        (shield currently unavailable)
rNeg    . . .        c - +0 leather armour
rPois   inf          (no helmet)
rElec   .            (no cloak)
rCorr   .            (no gloves)
SInv    .            (boots unavailable)
Will    .....        (no amulet)
Stlth   ++           (no ring)
HPRegen 0.25/turn    (no ring)
MPRegen 0.00/turn

%: infuse magic (-3 HP)
@: about to teleport, flying, slowed, very slow
A: sickness immunity, fire resistance 2, cold vulnerability 1, float, innate
caster, HP casting, extra vitality 1
a: no special abilities


You were on level 2 of the Dungeon.
You visited 1 branch of the dungeon, and saw 2 of its levels.

You collected 132 gold pieces.
You spent 58 gold pieces at shops.


Innate Abilities, Weirdness & Mutations

You are immune to sickness and miasma.
You are immune to poison.
Your flesh is very heat resistant. (rF++)
You are vulnerable to cold. (rC-)
You float through the air rather than walking.
You learn spells naturally, not from books.
Your magical power is your life essence.
You have superior vitality. (+4 MHP)


   Skills:
 - Level 3.4 Fighting
 - Level 4.0 Ranged Weapons
 + Level 2.5 Dodging
 - Level 0.7 Stealth


You knew the following spells:

 Your Spells              Type           Power      Damage    Failure   Level
a - Kiss of Death         Conj/Necr      0%         2d5       43%         1
Your spell library was empty.

Inventory:

Hand Weapons
 a - a +0 shortbow (weapon)
Armour
 c - a +0 leather armour (worn)
Jewellery
 d - a ring of see invisible
Scrolls
 e - a scroll of enchant armour {unknown}
Potions
 f - a potion of enlightenment
 l - a potion of cancellation
 m - a potion of curing

Dungeon Overview and Level Annotations

Branches:
Dungeon (2/15)

Altars:

Shops:
D:1 *

Annotations:
D:2 Natasha


Message History

Natasha is lightly wounded.
Natasha barely misses you.
You shoot an arrow. The arrow hits Natasha.
Natasha is heavily wounded.
Natasha casts a spell at you.
You feel yourself slow down. The cerulean imp barely misses you.
Natasha casts a spell.
Enter note:
Enter note:
Enter note:
Enter note:
1164 ||| RETREEEEATING.
Natasha casts a spell.
You shoot an arrow. The arrow closely misses Natasha.
The arrow barely misses the adder.
The cerulean imp hits you from afar with a +2 spear.
Natasha claws you!
You shoot an arrow.
The arrow hits Natasha but does no damage.
Natasha is moderately wounded.
The cerulean imp barely misses you. Natasha closely misses you.
Natasha misses you. The cerulean imp barely misses you.
You shoot an arrow. The arrow closely misses Natasha.
The arrow misses the cerulean imp.
The arrow misses the adder.
The cerulean imp hits you but does no damage.
Natasha barely misses you. Natasha claws you!
The cerulean imp hits you from afar with a +2 spear.
You shoot an arrow. The arrow barely misses Natasha.
The arrow closely misses the cerulean imp.
The arrow closely misses the adder.
The cerulean imp hits you from afar with a +2 spear.
Natasha claws you.
The cerulean imp hits you from afar with a +2 spear.
Natasha casts a spell at you. The magic dart hits you.
1169 ||| READING scroll of teleportation.
As you read the scroll of teleportation, it crumbles to dust.
You feel strangely unstable.
The cerulean imp hits you from afar with a +2 spear.
You die...

########.....#.%....#########
#............#.###..#........
#............#.#.#..#........
#................#..#.........
#..........#.##.....#.........
#.....(......%......#.........
#..<......<..#####..#.........
#.........########5...........
#..............@h5S##.........
#####################.%...)...
#......... ##'####### #....#
####.#### #....# ####.###
#...#


You could see Natasha, 2 cerulean imps and an adder.

Vanquished Creatures
  Natasha (D:2)
  2 adders
  2 dart slugs
  6 endoplasms
  5 giant cockroaches
  2 goblins (D:1)
  3 hobgoblins (D:1)
  4 jackals (D:1)
  A kobold (D:2)
  A quokka (D:1)
  4 ball pythons (D:1)
  2 bats (D:1)
  3 frilled lizards
  3 rats
39 creatures vanquished.

Notes
Turn   | Place    | Note
-------+----------+-------------------------------------------
     0 | D:1      | qw the Djinni Hunter began the quest for the Orb.
     0 | D:1      | Reached XP level 1. HP: 18/18 MP: 0/0
     0 | D:1      | 0 ||| qw: Version: 0.3-a-136-gdd3b4e8
     0 | D:1      | 0 ||| qw: Game counter: 1358
     0 | D:1      | 0 ||| qw: Melee chars always use a shield: true
     0 | D:1      | 0 ||| qw: God list: Okawaru
     0 | D:1      | 0 ||| qw: Allow faded altars: false
     0 | D:1      | 0 ||| qw: Do Orc after clearing Dungeon:15 true
     0 | D:1      | 0 ||| qw: Do second Lair branch before Depths: true
     0 | D:1      | 0 ||| qw: Lair rune preference: random
     0 | D:1      | 0 ||| qw: Goals: Normal
     0 | D:1      | 0 ||| PLANNING D:1-11
    39 | D:1      | Reached XP level 2. HP: 23/23 MP: 0/0
   396 | D:1      | Found Orhon's Assorted Antiques.
   400 | D:1      | 400 ||| BUYING 2 smoky grey potions (39 gold).
   400 | D:1      | Bought 2 smoky grey potions for 39 gold pieces
   400 | D:1      | 400 ||| BUYING clear potion (19 gold).
   400 | D:1      | Bought a clear potion for 19 gold pieces
   400 | D:1      | 400 ||| SHOPLISTING dark potion (19 gold, have 6).
   400 | D:1      | 400 ||| SHOPLISTING murky yellow potion (19 gold, have 6).
   400 | D:1      | 400 ||| SHOPLISTING scroll labelled MIEGIELULU (22 gold,
                  | have 6).
   400 | D:1      | 400 ||| SHOPLISTING scroll labelled YPLOESS DUTICOT (22
                  | gold, have 6).
   479 | D:1      | Reached XP level 3. HP: 28/28 MP: 0/0
   479 | D:1      | Learned a level 1 spell: Kiss of Death
   486 | D:1      | Reached skill level 4 in Ranged Weapons
   915 | D:1      | 915 ||| READING 2 scrolls labelled ADOULOWANO.
   916 | D:1      | 916 ||| READING scroll labelled ILOJOC WIMATOI.
   917 | D:1      | 917 ||| READING 3 scrolls labelled GIECATH VIUH.
   917 | D:1      | 917 ||| IDENTIFYING golden potion
   918 | D:1      | 918 ||| READING 2 scrolls of identify.
   918 | D:1      | 918 ||| IDENTIFYING dark potion
   919 | D:1      | 919 ||| READING scroll of identify.
   919 | D:1      | 919 ||| IDENTIFYING green potion
   920 | D:1      | 920 ||| READING scroll labelled YPLOESS DUTICOT.
   923 | D:1      | 923 ||| READING scroll labelled NAPNIEKHLIRPH.
   924 | D:1      | 924 ||| DRINKING 2 smoky grey potions.
   925 | D:1      | 925 ||| DRINKING 2 clear potions.
   926 | D:1      | 926 ||| DROPPING scroll of butterflies.
   927 | D:1      | 927 ||| DROPPING scroll of fog.
   928 | D:1      | 928 ||| DROPPING potion of brilliance.
   929 | D:1      | 929 ||| DROPPING potion of lignification.
   975 | D:2      | 975 ||| STAIRDANCE
  1040 | D:2      | Reached XP level 4. HP: 34/34 MP: 0/0
  1044 | D:2      | Noticed Natasha
  1049 | D:2      | Killed Natasha
  1050 | D:2      | Reached skill level 3 in Fighting
  1156 | D:2      | Noticed Natasha
  1164 | D:2      | 1164 ||| RETREEEEATING.
  1168 | D:2      | HP: 8/35 [cerulean imp/+2 spear[Natasha] (2)]
  1168 | D:2      | HP: 2/35 [Natasha/magic dart (6)]
  1169 | D:2      | 1169 ||| READING scroll of teleportation.
  1169 | D:2      | Slain by a cerulean imp

Levels and vault maps discovered:
D:1:      nicolae_arrival_memento_mori, layout_loops_corners, serial_shops,
          shop, serial_park_tiny_pond
D:2:      layout_basic, nrook_campfire, uniq_natasha

Skill      XL: |  1  2  3  4 |
---------------+-------------+-----
Ranged Weapons | 4 |  4.0
Fighting       | 3 |  3.4
Dodging        | |  2.5
Stealth        | |  0.7

Action                     |  1- 3 |  4- 6 || total
---------------------------+-------+-------++-------
   Fire: Shortbow          |    97 |    34 ||   131
    Use: Scroll            |     7 |     1 ||     8
         Potion            |     2 |       ||     2
 Armour: Leather armour    |    27 |    15 ||    42
  Dodge: Dodged            |    31 |     9 ||    40

Table legend:
 A = Non-vault XP
 B = Vault XP
 C = Vault XP percentage of total XP
 D = Non-vault monster count
 E = Vault monster count
 F = Vault count percentage of total count
                 A         B        C        D         E       F
            +---------+---------+-------+---------+---------+-------
      Total |      91 |      33 |  26.6 |      38 |       1 |   2.6
            +---------+---------+-------+---------+---------+-------
        D:1 |      65 |       0 |   0.0 |      30 |       0 |   0.0
        D:2 |      26 |      33 |  55.9 |       8 |       1 |  11.1
            +---------+---------+-------+---------+---------+-------
